AoeStats
← ste88ganna

Black Forest

509716641Analyzed
2v2 RM · 6d ago on Sep 27, 2026· 58m 44s· 4 players
Game mode
Random Map
Map size
Medium (4 player)
Population
200
Speed
Normal
Resources
Standard
Victory
Conquest
Starting age
Dark Age
Ending age
Imperial Age
RankedLock teamsTeams togetherTeam positionsShared explorationLock speedFull tech treeHidden civsTurbo modeCheats
Victory
Defeat
🇩🇪 Franks · Germany
803
+13
🇩🇪 Britons · Germany
762
+15
🇮🇹 Burgundians · Italy
757
-15
🇮🇹 Poles · Italy
723
-13
L3tzf3tz
12:57 Feudal Age
14:05 Gold Mining
14:29 Double-Bit Axe
18:12 Castle Age
17:06 Forging
18:29 Stone Mining
21:49 Gold Shaft Mining
22:01 Bow Saw
23:48 Forging
24:25 Wheelbarrow
23:48 Town Watch
29:00 Hand Cart
33:24 Imperial Age
31:11 Town Patrol
33:09 Caravan
34:11 Iron Casting
33:36 Scale Mail Armor
33:42 Scale Barding Armor
33:37 Padded Archer Armor
33:28 Fletching
33:43 Husbandry
33:08 Elite Skirmisher
34:49 Cavalier
35:47 Chain Mail Armor
36:33 Blast Furnace
34:59 Pikeman
35:40 Squires
36:10 Conscription
38:13 Chemistry
37:34 Ballistics
37:11 Paladin
39:08 Plate Mail Armor
38:59 Chain Barding Armor
38:54 Leather Archer Armor
38:35 Bodkin Arrow
38:05 Elite Throwing Axeman
39:16 Arson
38:53 Halberdier
42:08 Masonry
42:05 Siege Engineers
42:50 Onager
54:16 Plate Barding Armor
j.reider
12:29 Feudal Age
13:04 Double-Bit Axe
13:53 Horse Collar
19:12 Castle Age
22:17 Stone Mining
22:18 Gold Mining
23:10 Wheelbarrow
22:23 Town Watch
24:34 Heavy Plow
26:30 Bow Saw
26:46 Town Patrol
27:12 Padded Archer Armor
27:03 Fletching
27:41 Ballistics
28:43 Fortified Wall
29:16 Bodkin Arrow
29:20 Murder Holes
29:08 Treadmill Crane
29:41 Masonry
30:18 Gold Shaft Mining
30:57 Leather Archer Armor
31:34 Coinage
31:43 Heated Shot
32:44 Scale Mail Armor
32:54 Forging
32:48 Caravan
33:11 Hand Cart
32:43 Loom
35:46 Chain Mail Armor
36:07 Iron Casting
38:18 Imperial Age
38:46 Yeomen
39:50 Banking
39:31 Guilds
40:34 Chemistry
39:41 Siege Engineers
40:07 Architecture
39:23 Arrowslits
39:28 Guard Tower
39:03 Elite Longbowman
39:44 Warwolf
40:21 Hoardings
39:17 Sappers
40:07 Conscription
39:27 Pikeman
40:08 Squires
39:54 Arson
41:59 Ring Archer Armor
41:29 Bracer
42:00 Plate Mail Armor
42:31 Blast Furnace
41:37 Halberdier
41:39 Man-at-Arms
42:04 Gambesons
43:42 Onager
43:44 Capped Ram
46:11 Two-Man Saw
44:46 Heavy Mounted Crossbowman
44:46 Cranequins
44:48 Crossbowman
46:20 Elite Skirmisher
46:42 Heavy Scorpion
49:24 Scale Barding Armor
49:17 Arbalester
Gunnies
0:28 Loom
8:59 Wheelbarrow
15:39 Feudal Age
15:42 Double-Bit Axe
15:51 Gold Mining
15:52 Horse Collar
20:06 Caravan
20:59 Bow Saw
22:11 Heavy Plow
22:53 Gold Shaft Mining
25:18 Castle Age
28:20 Stone Mining
30:46 Pikeman
34:14 Burgundian Vineyards
35:12 Forging
35:03 Scale Mail Armor
35:08 Scale Barding Armor
38:15 Imperial Age
35:13 Cavalier
37:59 Fortified Wall
40:20 Iron Casting
40:01 Chain Mail Armor
40:06 Chain Barding Armor
41:11 Conscription
40:43 Paladin
41:20 Halberdier
41:31 Onager
43:22 Blast Furnace
45:30 Plate Barding Armor
45:26 Plate Mail Armor
47:34 Chemistry
47:11 Crop Rotation
46:34 Light Cavalry
47:54 Hussar
ste88ganna
0:31 Loom
13:32 Feudal Age
14:22 Double-Bit Axe
14:20 Horse Collar
15:48 Wheelbarrow
23:50 Castle Age
22:08 Stone Mining
22:21 Gold Mining
24:16 Forging
24:13 Scale Barding Armor
24:01 Fletching
24:12 Padded Archer Armor
24:18 Padded Archer Armor
25:03 Bow Saw
27:41 Hand Cart
28:23 Fortified Wall
28:20 Treadmill Crane
29:23 Heavy Plow
30:55 Caravan
34:51 Imperial Age
33:09 Stone Shaft Mining
33:44 Elite Skirmisher
34:38 Bloodlines
34:29 Husbandry
33:50 Light Cavalry
36:24 Winged Hussar
36:25 Cavalier
37:15 Thumb Ring
37:36 Conscription
38:50 Iron Casting
38:36 Chain Barding Armor
38:11 Bodkin Arrow
39:10 Crop Rotation
40:00 Elite Obuch
42:35 Lechitic Legacy
43:48 Heavy Mounted Crossbowman
44:35 Scale Mail Armor
45:48 Blast Furnace
45:15 Leather Archer Armor
46:18 Szlachta Privileges
46:53 Hoardings
55:15 Chemistry
Connection lost

Rejoining the realm…

Still unreachable

The connection could not be restored.

Session expired

The server has moved on; the page needs a fresh start.